 Dungeon Crawl Stone Soup version 0.21-a0-205-ge9f4a53 (webtiles) character file.

2059 Lavandula the Chiller (level 9, -6/62 HPs)
             Began as a Ghoul Ice Elementalist on Aug 20, 2017.
             Was a Follower of Kikubaaqudgha.
             Mangled by a killer bee (7 damage)
             ... on level 7 of the Dungeon.
             The game lasted 00:38:15 (4067 turns).

Lavandula the Chiller (Ghoul Ice Elementalist)      Turns: 4067, Time: 00:38:15

Health: -6/62      AC:  5    Str: 12    XL:     9   Next: 25%
Magic:  2/15       EV: 12    Int: 11    God:    Kikubaaqudgha [*.....]
Gold:   208        SH:  0    Dex: 15    Spells: 1/18 levels left

rFire    + . .     SeeInvis .   (no weapon)
rCold    + + .     Gourm    .   (no shield)
rNeg     + + +     Faith    +   G - +2 leather armour {rF+}
rPois    ∞         Spirit   .   (no helmet)
rElec    .         Reflect  .   (no cloak)
rCorr    +         Harm     .   (no gloves)
MR       .....                  (no boots)
Stlth    +++.......             u - amulet of faith
HPRegen  0.00/turn              q - ring of resist corrosion
MPRegen  0.14/turn              l - ring of Cyalizxo {+Fly rC+ Int-2 Dex+6 Stlth+}

@: very slightly contaminated, rotting, hasted, very quick
A: rotting body, claws 1, carnivore 3, cold resistance 1, negative energy
resistance 3, inhibited regeneration, torment resistance, unbreathing
a: Receive Corpses, Renounce Religion, Evoke Flight


You were on level 7 of the Dungeon.
You worshipped Kikubaaqudgha.
Kikubaaqudgha was aware of your devotion.
You were not hungry.

You visited 2 branches of the dungeon, and saw 10 of its levels.

You collected 208 gold pieces.

Inventory:

Hand Weapons
 o - a +1 dagger of speed
Missiles
 k - 29 poisoned needles
Armour
 h - a cursed +0 ring mail
 n - a +0 buckler
 G - a +2 leather armour of fire resistance (worn)
Jewellery
 d - an uncursed amulet of magic regeneration
 l - the ring of Cyalizxo (right claw) {+Fly rC+ Int-2 Dex+6 Stlth+}
   (You found it on level 7 of the Dungeon)

   [ring of stealth]

   It affects your intelligence (-2).
   It affects your dexterity (+6).
   It protects you from cold.
   It lets you fly.
   It makes you more stealthy.
 q - a ring of resist corrosion (left claw)
 u - an amulet of faith (around neck)
 z - a cursed amulet of the gourmand {unknown}
Wands
 i - a wand of lightning (3/15)
 r - a wand of iceblast (0/15)
Scrolls
 f - 3 scrolls of enchant weapon
 j - a scroll of random uselessness {unknown}
 t - 3 scrolls of enchant armour
 v - a scroll of magic mapping
 w - a scroll of recharging {unknown}
 x - 2 scrolls of remove curse
 B - a scroll of blinking {unknown}
 D - a scroll of amnesia {unknown}
Potions
 m - 2 potions of brilliance
 p - a potion of degeneration
 A - a potion of heal wounds {unknown}
 C - 3 potions of resistance {unknown}
Books
 b - a book of Frost

   Spells                             Type                      Level
   a - Freeze                         Ice                          1
   b - Throw Frost                    Conjuration/Ice              2
   c - Ozocubu's Armour               Charms/Ice                   3
   d - Throw Icicle                   Conjuration/Ice              4
   e - Summon Ice Beast               Ice/Summoning                4
 g - a book of Minor Magic

   Spells                             Type                      Level
   a - Magic Dart                     Conjuration                  1
   b - Blink                          Translocation                2
   c - Call Imp                       Summoning                    2
   d - Slow                           Hexes                        2
   e - Conjure Flame                  Conjuration/Fire             3
   f - Mephitic Cloud                 Conjuration/Poison/Air       3
 y - a book of Changes

   Spells                             Type                      Level
   a - Beastly Appendage              Transmutation                1
   b - Sticks to Snakes               Transmutation                2
   c - Spider Form                    Transmutation/Poison         3
   d - Ice Form                       Ice/Transmutation            4
   e - Blade Hands                    Transmutation                5
 E - Kikubaaqudgha's Disquisition on Sinister Rituals
   (Kikubaaqudgha gifted it to you on level 9 of the Dungeon)

   Spells                             Type                      Level
   a - Animate Skeleton               Necromancy                   1
   b - Pain                           Necromancy                   1
   c - Corpse Rot                     Necromancy                   2
   d - Vampiric Draining              Necromancy                   3
   e - Control Undead                 Necromancy                   4
Comestibles
 c - 6 meat rations


   Skills:
 - Level 1.7 Dodging
 - Level 2.1 Stealth
 - Level 5.0 Spellcasting
 - Level 0.7 Conjurations
 - Level 5.0 Summonings
 - Level 4.8 Necromancy
 - Level 6.4 Ice Magic
 - Level 3.7 Air Magic
 + Level 1.3 Poison Magic


You had one spell level left.
You knew the following spells:

 Your Spells              Type           Power        Failure   Level  Hunger
a - Freeze                Ice            ###.         1%          1    None
b - Ozocubu's Armour      Chrm/Ice       #.......     22%         3    ###....
c - Blink                 Tloc           N/A          38%         2    ##.....
d - Call Imp              Summ           ##......     4%          2    ##.....
e - Summon Ice Beast      Ice/Summ       ###.....     26%         4    ####...
f - Mephitic Cloud        Conj/Pois/Air  #.......     36%         3    ###....
g - Pain                  Necr           ##..         3%          1    None
h - Animate Skeleton      Necr           N/A          3%          1    None


Dungeon Overview and Level Annotations

Branches:
Dungeon (9/15)             Temple (1/1) D:7             Orc (0/2) D:9
   Lair: D:8-11

Altars:
Cheibriados
Dithmenos
Elyvilon
Gozag
Hepliaklqana
Kikubaaqudgha
Makhleb
Nemelex Xobeh
Okawaru
Qazlal
Sif Muna
Trog
Uskayaw
Vehumet
Xom
Zin
The Shining One

Annotations:
D:5 Dowan, Duvessa
D:6 sadgrasan's ghost, novice FoFi
D:8 exclusion: upstairs
D:9 exclusion: wyvern


Innate Abilities, Weirdness & Mutations

Your body is rotting away.
You thrive on raw meat.
You are immune to poison.
You have sharp fingernails.
You are carnivorous and can eat meat at any time.
Your flesh is cold resistant. (rC+)
You are immune to negative energy. (rN+++)
You do not regenerate when monsters are visible.
You are immune to unholy pain and torment.
You can survive without breathing.


Message History

* * * LOW HITPOINT WARNING * * *
The killer bee barely misses you.
The killer bee stings you but does no damage.
The killer bee completely misses you. The worker ant barely misses you.
Okay, then.
It was a potion of curing.
You feel better. The killer bee closely misses you. The killer bee stings you.
* * * LOW HITPOINT WARNING * * *
The worker ant barely misses you. The killer bee stings you!
* * * LOW HITPOINT WARNING * * *
A killer bee comes into view.
You feel better. The killer bee misses you. The killer bee stings you.
* * * LOW HITPOINT WARNING * * *
You feel yourself speed up. The killer bee closely misses you.
The worker ant bites you.
* * * LOW HITPOINT WARNING * * *
The killer bee stings you!
You die...
Kikubaaqudgha rasps: "You have failed me!
Welcome... oblivion!"

####...### #.......#
#........######......## .
## #.######..##.))......##
##. ##†##.##.......# ...
#.##.##.......# ..# ##.
#.##.##.......# #"# ...
#†##.###.....### ..###.##
#.##.# ##......## #.......
#hy@.####.......## #...#
###a...##o........# ...##
#....##..#.........# ##o.#
..........y.........# ##.#
##.###.8.8)8........#
#.########.#
#..⌠.⌠.........# #
#...##.....#
#.8.>.8.......##
#####.##.##
#..⌠.⌠.).......# .#
#.##.#######.8.8.8........#


You could see a black bear, a worker ant and 2 killer bees.

Vanquished Creatures
  A two-headed ogre (D:8)
  A water moccasin (D:9)
  2 orc warriors
  An ice beast (D:8)
  A centaur (D:9)
  A bullfrog (D:9)
  A scorpion (D:5)
  2 killer bees (D:7)
  A crimson imp (D:5)
  A hound (D:8)
  4 orc priests
  A bullfrog zombie (D:7)
  2 jellies
  An iguana (D:4)
  4 worker ants
  A hound skeleton (D:4)
  5 adders
  An adder skeleton (D:4)
  3 leopard geckos
  8 orcs
  A bat (D:3)
  3 giant cockroaches
  6 hobgoblins
  A quokka (D:2)
  6 kobolds
  A rat (D:1)
60 creatures vanquished.

Vanquished Creatures (collateral kills)
  2 porcupines
  2 sky beasts (D:9)
  A black bear (D:8)
  A phantom (D:4)
  3 ogres
  A crocodile (D:8)
  A big kobold (D:8)
  2 bullfrogs
  A scorpion (D:7)
  A crimson imp (D:9)
  A centaur zombie (D:6)
  An orc priest (D:9)
  An orc wizard (D:4)
  A worker ant (D:7)
  2 hound zombies
  A howler monkey skeleton (D:6)
  5 orcs
  2 kobolds (D:8)
29 creatures vanquished.

Vanquished Creatures (others)
  3 bushes (D:8)
  3 fungi (D:8)
  8 plants (D:8)
14 creatures vanquished.

Grand Total: 103 creatures vanquished

Notes
Turn   | Place    | Note
-------+----------+-------------------------------------------
     0 | D:1      | Lavandula the Ghoul Ice Elementalist began the quest for the Orb.
     0 | D:1      | Reached XP level 1. HP: 14/14 MP: 2/2
   153 | D:3      | Found an opulent altar of Gozag.
   195 | D:3      | Reached XP level 2. HP: 17/20 MP: 0/3
   226 | D:3      | Reached skill level 4 in Ice Magic
   471 | D:3      | Reached XP level 3. HP: 26/26 MP: 0/4
   488 | D:4      | Learned a level 3 spell: Ozocubu's Armour
   617 | D:4      | Noticed an ogre
   723 | D:4      | Reached XP level 4. HP: 13/33 MP: 0/7
   784 | D:5      | Entered Level 5 of the Dungeon
   930 | D:5      | Noticed Duvessa
   984 | D:6      | Noticed an ogre
  1288 | D:5      | Learned a level 2 spell: Blink
  1291 | D:5      | Learned a level 2 spell: Call Imp
  1314 | D:5      | Noticed a sky beast
  1402 | D:5      | Reached skill level 1 in Summonings
  1402 | D:5      | Reached XP level 5. HP: 24/38 MP: 1/8
  1448 | D:5      | Noticed Dowan
  1503 | D:5      | Noticed a centaur
  1637 | D:7      | Noticed an orc warrior
  1804 | D:6      | Noticed an ogre
  1848 | D:6      | Killed an ogre
  1848 | D:6      | Reached XP level 6. HP: 41/45 MP: 6/9
  1868 | D:6      | Noticed a phantom
  1939 | D:4      | Noticed a phantom
  2003 | D:4      | Killed a phantom
  2213 | D:4      | Reached XP level 7. HP: 46/50 MP: 5/12
  2222 | D:4      | Learned a level 4 spell: Summon Ice Beast
  2389 | D:6      | Noticed sadgrasan's ghost (novice FoFi)
  2396 | D:7      | Found a staircase to the Ecumenical Temple.
  2412 | D:7      | Reached skill level 5 in Ice Magic
  2414 | Temple   | Entered the Ecumenical Temple
  2544 | Temple   | Became a worshipper of Kikubaaqudgha
  2669 | D:8      | Learned a level 3 spell: Mephitic Cloud
  2704 | D:8      | Noticed a two-headed ogre
  2738 | D:8      | Killed a two-headed ogre
  2738 | D:8      | Reached XP level 8. HP: 57/57 MP: 0/13
  2884 | D:9      | Reached skill level 6 in Ice Magic
  2973 | D:9      | Noticed a wyvern
  3006 | D:9      | Reached skill level 5 in Spellcasting
  3195 | D:9      | Reached * piety under Kikubaaqudgha
  3195 | D:9      | Identified Kikubaaqudgha's Disquisition on Sinister Rituals (Kikubaaqudgha gifted it to you on level 9 of the Dungeon)
  3195 | D:9      | Received a gift from Kikubaaqudgha
  3195 | D:9      | Reached skill level 5 in Summonings
  3199 | D:9      | Learned a level 1 spell: Pain
  3201 | D:9      | Learned a level 1 spell: Animate Skeleton
  3222 | D:9      | Reached skill level 1 in Necromancy
  3327 | D:9      | Noticed a yak
  3327 | D:9      | Noticed a yak
  3333 | D:9      | Noticed a yak
  3338 | D:9      | Noticed a yak
  3338 | D:9      | Noticed a yak
  3338 | D:9      | Noticed a yak
  3342 | D:9      | Found a staircase to the Orcish Mines.
  3568 | D:8      | Reached XP level 9. HP: 45/61 MP: 2/15
  3963 | D:7      | Got a heavily runed tin ring
  4007 | D:7      | Identified the ring of Cyalizxo {+Fly rC+ Int-2 Dex+6 Stlth+} (You found it on level 7 of the Dungeon)
  4057 | D:7      | Reached skill level 1 in Poison Magic
  4065 | D:7      | HP: 2/62 [killer bee (7)]
  4067 | D:7      | Mangled by a killer bee

Vault maps used:
D:1:      lightli_arrival_chessboard
D:2:      nicolae_overflow_crystal_walls,
          chequers_ecumenical_altar_simple_redux, kennysheep_big_empty_room
D:3:      overflow_temple_1_default, kennysheep_generic_room_12
D:4:      first_bread, hex_large, feat_on_display
D:5:      uniq_duvessa
D:6:      minivault_25, minmay_misc_feat_secret_circle, minmay_misc_feat_plants,
          trog_wizard
D:7:      chequers_temple_overflow_statue_of_worship,
          minmay_temple_entry_statues_fountains, serial_shops,
          nicolae_shop_behind_doors
D:8:      minmay_lair_entry_grove, hangedman_pestilent_swarm
D:9:      erik_orc_3
Temple:   hc_temple_tempest_star

Skill      XL: |  1  2  3  4  5  6  7  8  9 |
---------------+----------------------------+-----
Ice Magic      | 4 5 6 |  6.4
Spellcasting   | 2 3 4 5 |  5.0
Summonings     | 1 3 5 |  5.0
Air Magic      | 3 |  3.7
Necromancy     | 3 4 |  4.8
Poison Magic   | 1 |  1.3
Dodging        | |  1.7
Stealth        | |  2.1
Conjurations   | |  0.7

Action                   |  1- 3 |  4- 6 |  7- 9 || total
-------------------------+-------+-------+-------++-------
Melee: Unarmed           |    27 |    24 |    92 ||   143
 Fire: Blowgun           |       |     5 |       ||     5
 Cast: Freeze            |    35 |    45 |    44 ||   124
       Ozocubu's Armour  |     1 |     4 |     2 ||     7
       Call Imp          |       |    31 |       ||    31
       Summon Ice Beast  |       |       |    31 ||    31
       Mephitic Cloud    |       |       |     1 ||     1
Evoke: Wand              |       |       |     9 ||     9
  Use: Scroll            |     4 |     7 |     5 ||    16
       Potion            |       |       |     4 ||     4
 Stab: Distracted        |       |     2 |       ||     2
  Eat: Chunk             |     8 |     8 |    33 ||    49
Armor: Robe              |    11 |    16 |    15 ||    42
       Leather armour    |       |       |    26 ||    26
Dodge: Dodged            |    37 |    36 |    94 ||   167
